 Dungeon Sprint DCSS version 0.17-a0-2024-gc284f19 (webtiles) character file.

8 Ordine the Thaumaturge (level 2, -2/15 HPs)
             Began as a Deep Elf Wizard on Oct 9, 2015.
             Was an Initiate of Vehumet.
             Slain by a toenail golem (5 damage)
             ... in the Dungeon (Sprint V: "Ziggurat Sprint").
             The game lasted 00:06:53 (163 turns).

Ordine the Thaumaturge (Deep Elf Wizard)             Turns: 163, Time: 00:06:54

Health: -2/15      AC:  2    Str:  4    XL:     2   Next: 0%
Magic:  12/15      EV: 12    Int: 34    God:    Vehumet [......]
Gold:   0          SH:  6    Dex: 13    Spells: 2 memorised, 19 levels left

rFire  . . .     SeeInvis .     k - +5 quick blade
rCold  . . .     Clarity  .     K - +0 robe
rNeg   . . .     SustAt   .     a - +3 buckler
rPois  .         Gourm    .     J - +0 hat
rElec  .         Spirit   .     (no cloak)
rCorr  .         Warding  .     (no gloves)
rMut   .         NoTele   +     (no boots)
MR     .....                    (no amulet)
Stlth  ++........               F - +6 ring of intelligence
                                E - +6 ring of intelligence

@: very slightly contaminated, not resistant to hostile enchantments, unstealthy
A: no striking features
a: Renounce Religion


You were in the Dungeon.
You worshipped Vehumet.
Vehumet was noncommittal.
You were not hungry.

You visited 1 branch

Inventory:

Hand Weapons
 k - a +5 quick blade (weapon)
Armour
 a - a +3 buckler (worn)
 J - a +0 hat (worn)
 K - a +0 robe (worn)
Jewellery
 E - a +6 ring of intelligence (left hand)
 F - a +6 ring of intelligence (right hand)
 I - an uncursed ring of flight
Wands
 y - a wand of disintegration (7)
 z - a wand of fire (5)
 A - a wand of cold (5)
 B - a wand of draining (5)
Scrolls
 j - 4 scrolls of blinking
 n - 4 scrolls of amnesia
 q - 3 scrolls of recharging
 r - 7 scrolls of fog
 s - a scroll of holy word
 t - 5 scrolls of identify
 u - 5 scrolls of remove curse
 v - 2 scrolls of fear
Potions
 b - 2 potions of brilliance
 e - 10 potions of curing
 f - 10 potions of heal wounds
 g - 6 potions of haste
 h - 7 potions of magic
 i - 3 potions of berserk rage
 l - 2 potions of invisibility
 m - 4 potions of resistance
 o - 5 potions of agility
 p - 5 potions of might
Books
 c - a book of Minor Magic

   Spells                             Type                      Level
   a - Magic Dart                     Conjuration                  1
   b - Blink                          Translocation                2
   c - Call Imp                       Summoning                    2
   d - Repel Missiles                 Charms/Air                   2
   e - Slow                           Hexes                        2
   f - Conjure Flame                  Conjuration/Fire             3
   g - Mephitic Cloud                 Conjuration/Poison/Air       3
Comestibles
 d - 5 bread rations
 w - 42 fruits
 x - 4 meat rations


   Skills:
 - Level 2.4 Dodging
 - Level 2.4 Stealth
 - Level 10.6 Spellcasting
 + Level 1.1 Conjurations
   Level 1.1 Summonings
   Level 1.1 Translocations


You had 19 spell levels left.
You knew the following spells:

 Your Spells              Type           Power        Failure   Level  Hunger
a - Magic Dart            Conj           ####         2%          1    None
b - Repel Missiles        Chrm/Air       ###...       8%          2    None


Dungeon Overview and Level Annotations

Branches:
Dungeon (1/1)

Altars:
Ashenzari
Cheibriados
Dithmenos
Elyvilon
Fedhas
Gozag
Kikubaaqudgha
Makhleb
Nemelex Xobeh
Okawaru
Qazlal
Ru
Sif Muna
Trog
Vehumet
Xom
Yredelemnul
Zin
The Shining One
Beogh
Jiyva
Lugonu


Message History

Aim: a toenail golem (lightly damaged)
The magic dart hits the toenail golem.
The toenail golem is lightly damaged.
The toenail golem hits you.
Casting: Magic Dart
Confirm with . or Enter, or press ? or * to list all spells.
Aiming: Magic Dart
Press: ? - help, Shift-Dir - straight line, f/p - toenail golem
Aim: a toenail golem (lightly damaged)
You miscast Magic Dart.
You are very lightly contaminated with residual magic.
You smell something strange.
You block the toenail golem's attack. The toenail golem closely misses you.
You hit the toenail golem.
The toenail golem is lightly damaged.
The toenail golem hits you!
Ouch! That really hurt!
* * * LOW HITPOINT WARNING * * *
The toenail golem hits you.
You die...

▓▓▓▓▓▓▓
▓.8©8.▓
▓.....▓
▓.".}.▓
▓.....▓
▓.88..▓
▓..@..▓
▓▓▓▓▓▓▓


You could see 2 toenail golems.

Vanquished Creatures (others)
  A spatial maelstrom (D)
  Crazy Yiuf (D)
  Ijyb (D)
3 creatures vanquished.

Notes
Turn   | Place    | Note
--------------------------------------------------------------
     0 | D        | Ordine the Deep Elf Wizard began the quest for the Orb.
     0 | D        | Reached XP level 1. HP: 10/10 MP: 7/7
     0 | D        | Banished a spatial maelstrom
     2 | D        | Found an iron altar of Okawaru.
     2 | D        | Found a radiant altar of Vehumet.
     2 | D        | Found a shimmering altar of Xom.
     2 | D        | Found a burning altar of Makhleb.
     3 | D        | Killed Ijyb
     4 | D        | Found a deep blue altar of Sif Muna.
     4 | D        | Killed Crazy Yiuf
     9 | D        | Found a white marble altar of Elyvilon.
     9 | D        | Found a sparkling altar of Nemelex Xobeh.
     9 | D        | Found a corrupted altar of Lugonu.
     9 | D        | Found a bloodstained altar of Trog.
     9 | D        | Found a roughly hewn altar of Beogh.
     9 | D        | Found a viscous altar of Jiyva.
    62 | D        | Reached skill level 10 in Spellcasting
    62 | D        | Reached XP level 2. HP: 15/15 MP: 7/15
    99 | D        | Became a worshipper of Vehumet
   126 | D        | Learned a level 2 spell: Repel Missiles
   159 | D        | Entered arena 1.
   159 | D        | Noticed a toenail golem
   159 | D        | Noticed a toenail golem
   163 | D        | Slain by a toenail golem

Vault maps used:
D:        sprint_v

Action                   || total
-------------------------++-------
Melee: Quick blade       ||     1
 Cast: Magic Dart        ||     2
  Use: Potion            ||     1
